[Event "Titled Tuesday Blitz April 19 Late 2022"]
[White "Wagner, Dinara"]
[Black "Koziorowicz, Michal"]
[WhiteFideId "24157570"]
[BlackFideId "21809194"]
[WhiteElo "2510"]
[BlackElo "2638"]
[Result "0-1"]
[Round "08"]
[TimeControl "180+1"]
[Date "2022.04.19"]
[WhiteClock "0:00:03"]
[BlackClock "0:01:21"]

1. d4 f5 2. c4 Nf6 3. g3 e6 4. Bg2 Be7 5. Nf3 O-O 6. Nc3 d6 7. O-O Ne4 8. Qc2 Nxc3 9. Qxc3 a5 10. Re1 Nc6 11. e4 e5 12. d5 fxe4 13. Rxe4 Bf5 14. Re1 Nb4 15. Re2 Qe8 16. Bd2 Qh5 17. a3 Nd3 18. Re3 Nc5 19. Rae1 a4 20. Bc1 Bf6 21. Nd2 e4 22. Qc2 Bd4 23. Nf1 Nd3 24. Qd1 Bg4 25. f3 Rxf3 26. Bxf3 Bxf3 27. Qd2 Rf8 28. h4 Qg4 29. Kh2 Nxe1 30. Qxd4 Bg2 31. Rxe1 Qh3+ 32. Kg1 Qh1# 0-1


[Site "https://www.chess.com"]

[Event "Titled Tuesday Blitz April 19 Late 2022"]
[White "Esipenko, Andrey"]
[Black "Sanal, Vahap"]
[WhiteFideId "24175439"]
[BlackFideId "6300545"]
[WhiteElo "2617"]
[BlackElo "2603"]
[Result "1-0"]
[Round "08"]
[TimeControl "180+1"]
[Date "2022.04.19"]
[WhiteClock "0:00:05"]
[BlackClock "0:00:07"]

1. d4 Nf6 2. c4 g6 3. Nc3 Bg7 4. e4 d6 5. Be2 O-O 6. h4 h5 7. Bg5 Nbd7 8. Qd2 c5 9. d5 a6 10. a4 Re8 11. Nh3 e6 12. f3 exd5 13. cxd5 Qa5 14. O-O Ne5 15. Nf2 Nh7 16. Be3 Qd8 17. g3 Rb8 18. Kg2 Bd7 19. Rab1 f5 20. b4 c4 21. Bd4 b5 22. axb5 axb5 23. f4 Ng4 24. Bxg4 hxg4 25. Rbe1 Nf6 26. Kh2 Bc8 27. Re2 fxe4 28. Nfxe4 Nxe4 29. Nxe4 Bf5 30. Bxg7 Kxg7 31. Qb2+ Kh6 32. Ng5 Rxe2+ 33. Qxe2 Qf6 34. Re1 Kg7 35. Qe3 Ra8 36. Re2 Bd3 37. Qb6 Bxe2 38. Qb7+ Kg8 39. Qxa8+ Kg7 40. Qb7+ Kg8 41. Qc8+ Kg7 42. Qd7+ Kg8 43. Qe8+ Kg7 44. Qxe2 c3 45. Qxb5 Qe7 46. Ne6+ Kh7 47. Qd3 Qa7 48. Qc2 Qe3 49. Ng5+ Kh6 50. Ne4 g5 51. hxg5+ Kh5 52. Nf6# 1-0


[Site "https://www.chess.com"]

[Event "Titled Tuesday Blitz April 19 Late 2022"]
[White "Fedoseev, Vladimir"]
[Black "Zlatin, Alexander"]
[WhiteFideId "24130737"]
[BlackFideId "2810549"]
[WhiteElo "2726"]
[BlackElo "2228"]
[Result "1-0"]
[Round "08"]
[TimeControl "180+1"]
[Date "2022.04.19"]
[WhiteClock "0:00:15"]
[BlackClock "0:00:09"]

1. e4 e5 2. d4 exd4 3. c3 d5 4. exd5 Qxd5 5. Nf3 Bg4 6. Qa4+ Nc6 7. Nxd4 O-O-O 8. Be3 Bc5 9. h3 Bh5 10. Nd2 Bxd4 11. cxd4 Nxd4 12. Rc1 Nc6 13. Rc5 Qd6 14. Rxh5 Nf6 15. Rf5 Rhe8 16. Nc4 Rxe3+ 17. fxe3 Qg3+ 18. Rf2 Kb8 19. Be2 Ne4 20. O-O Nxf2 21. Rxf2 f5 22. Bf3 Ne7 23. Qb5 b6 24. Qe5 Qxe5 25. Nxe5 c5 26. e4 f4 27. Bg4 g5 28. Nf7 Rg8 29. Rd2 Nc6 30. Rd6 Nd4 31. e5 Kc7 32. e6 Re8 33. Rd7+ Kc6 34. Ne5+ Kb5 35. e7 c4 36. Bh5 Rg8 37. e8=Q Rxe8 38. Bxe8 Nc2 39. Rc7+ 1-0


[Site "https://www.chess.com"]

[Event "Titled Tuesday Blitz April 19 Late 2022"]
[White "Ferreira, Vitor Hugo Vieira"]
[Black "Bowden, Karl"]
[WhiteFideId "2119765"]
[BlackFideId "400548"]
[WhiteElo "2165"]
[BlackElo "2347"]
[Result "0-1"]
[Round "08"]
[TimeControl "180+1"]
[Date "2022.04.19"]
[WhiteClock "0:01:01"]
[BlackClock "0:00:19"]

1. d4 Nf6 2. c4 c5 3. d5 Ne4 4. Qc2 Qa5+ 5. Nd2 Nd6 6. e4 g6 7. e5 Nf5 8. Nf3 Bg7 9. Bd3 d6 10. exd6 exd6 11. O-O O-O 12. a3 Qc7 13. Ne4 Nd7 14. Bf4 Ne5 15. Nxe5 dxe5 16. Bd2 Nd4 17. Qd1 f5 18. Nc3 e4 19. Bb1 Bd7 20. b4 b6 21. Ra2 Rae8 22. Ne2 f4 23. Nc3 e3 24. fxe3 fxe3 25. Rxf8+ Bxf8 26. Be1 Bd6 27. g3 e2 28. Nxe2 Bg4 29. Bd3 Qe7 30. Kf1 Bh3+ 31. Kg1 Qe3+ 0-1


[Site "https://www.chess.com"]

[Event "Titled Tuesday Blitz April 19 Late 2022"]
[White "Fiedorek, Michal"]
[Black "Lock, Gavin R"]
[WhiteFideId "1199528"]
[BlackFideId "408646"]
[WhiteElo "1833"]
[BlackElo "2104"]
[Result "0-1"]
[Round "08"]
[TimeControl "180+1"]
[Date "2022.04.19"]
[WhiteClock "0:00:08"]
[BlackClock "0:00:15"]

1. d4 d5 2. c4 e6 3. Nc3 a6 4. cxd5 exd5 5. Nf3 Nf6 6. Bg5 Be6 7. e3 Nbd7 8. Bd3 Bd6 9. Qc2 c6 10. h3 h6 11. Bh4 g5 12. Bg3 Bxg3 13. fxg3 Qc7 14. O-O-O Qxg3 15. Rhf1 O-O-O 16. Na4 Qd6 17. Kb1 Kb8 18. Nc5 Nxc5 19. dxc5 Qe7 20. Nd4 Rc8 21. Qb3 Ka8 22. Qb6 Nd7 23. Qb3 Nxc5 24. Qa3 Rhe8 25. Nxe6 Nxe6 26. Qa5 Nc5 27. Bc2 Ne4 28. Rf3 Qc7 29. Qa3 Re7 30. Ka1 Rce8 31. Rdf1 Ka7 32. Qd3 Nc5 33. Qd4 Qb6 34. Rxf7 Rxe3 35. a3 Nb3+ 36. Bxb3 Qxd4 0-1


[Site "https://www.chess.com"]

[Event "Titled Tuesday Blitz April 19 Late 2022"]
[White "Gatterer, Florian"]
[Black "Joubert, Dantelle"]
[WhiteFideId "811688"]
[BlackFideId "14310813"]
[WhiteElo "2218"]
[BlackElo "1507"]
[Result "1-0"]
[Round "08"]
[TimeControl "180+1"]
[Date "2022.04.19"]
[WhiteClock "0:00:12"]
[BlackClock "0:00:01"]

1. f4 e5 2. fxe5 d6 3. exd6 Bxd6 4. Nf3 Nc6 5. g3 Bg4 6. Bg2 Qd7 7. d3 O-O-O 8. e4 Bc5 9. Nc3 f5 10. Bg5 Re8 11. Qd2 h6 12. Be3 fxe4 13. Nxe4 Bxe3 14. Qxe3 Nf6 15. O-O-O Nd5 16. Qd2 Rhf8 17. Rhf1 Ndb4 18. Kb1 Bxf3 19. Rxf3 Rxf3 20. Bxf3 Nd4 21. Qxb4 Nxf3 22. Nc5 Qc6 23. Qg4+ Kb8 24. Nb3 a5 25. Nxa5 Qd5 26. Nb3 Ne5 27. Qe4 Qxe4 28. dxe4 Nf3 29. h3 Rxe4 30. Rd8+ Ka7 31. a3 Re1+ 32. Ka2 Rg1 33. g4 Rg3 34. Rd7 Rxh3 35. Rxc7 Ne5 36. Rxg7 Rg3 37. Nc5 Nxg4 38. Rxb7+ Ka8 39. Rg7 Rg2 40. Nd7 Ne3 41. Nb6+ Kb8 42. Rxg2 Nxg2 43. Nd7+ Kc7 44. Nf6 1-0


[Site "https://www.chess.com"]

[Event "Titled Tuesday Blitz April 19 Late 2022"]
[White "Gledura, Benjamin"]
[Black "Dubov, Daniil"]
[WhiteFideId "712779"]
[BlackFideId "24126055"]
[WhiteElo "2326"]
[BlackElo "2791"]
[Result "1-0"]
[Round "08"]
[TimeControl "180+1"]
[Date "2022.04.19"]
[WhiteClock "0:01:02"]
[BlackClock "0:00:46"]

1. Nf3 Nf6 2. d4 g6 3. g3 Bg7 4. Bg2 b6 5. O-O Bb7 6. c4 O-O 7. Re1 c5 8. d5 b5 9. e4 bxc4 10. Nc3 d6 11. Nd2 Ba6 12. Bf1 Nbd7 13. Bxc4 Bxc4 14. Nxc4 Nb6 15. Ne3 a5 16. a4 Nfd7 17. Qe2 Rb8 18. Ra3 Ne5 19. f4 Ned7 20. h4 c4 21. h5 Nc5 22. Nxc4 Nxc4 23. Qxc4 Rb4 24. Qf1 Qb6 25. Be3 Rxb2 26. Nb5 Rb4 27. h6 Bxh6 28. Bf2 Qb8 29. Bxc5 dxc5 30. e5 c4 31. d6 exd6 32. exd6 Rd8 33. Rae3 Bf8 34. f5 Bxd6 35. Nxd6 Qxd6 36. Re8+ Rxe8 37. Rxe8+ Kg7 38. f6+ Qxf6 39. Rg8+ Kxg8 40. Qxf6 Rxa4 41. Qd8+ Kg7 42. Qd4+ Kg8 43. Qc5 h5 44. Kf2 c3 45. Qxc3 Rg4 46. Qxa5 Kg7 47. Qe5+ Kg8 48. Qf6 Re4 49. Kf3 Rg4 50. Qd6 Ra4 51. Qb8+ Kg7 52. Qe5+ Kg8 53. Qe8+ 1-0


[Site "https://www.chess.com"]

[Event "Titled Tuesday Blitz April 19 Late 2022"]
[White "Goryachkina, Aleksandra"]
[Black "Prohorov, Olexandr"]
[WhiteFideId "4147103"]
[BlackFideId "14105578"]
[WhiteElo "2426"]
[BlackElo "1993"]
[Result "1-0"]
[Round "08"]
[TimeControl "180+1"]
[Date "2022.04.19"]
[WhiteClock "0:00:09"]
[BlackClock "0:00:05"]

1. e4 c5 2. Nf3 e6 3. c3 Nf6 4. e5 Nd5 5. Bc4 Nb6 6. Bb3 c4 7. Bc2 Qc7 8. d4 cxd3 9. Qxd3 Nc6 10. Qe4 Be7 11. O-O h6 12. Nbd2 d5 13. exd6 Bxd6 14. Nb3 Bd7 15. Be3 O-O-O 16. Rfd1 Nd5 17. Bc5 Bxc5 18. Nxc5 g5 19. Ba4 Rhe8 20. Nxd7 Rxd7 21. Bxc6 bxc6 22. Ne5 Rdd8 23. c4 f5 24. Qe1 Nf4 25. c5 Rd5 26. Nc4 Kb8 27. Nd6 Rd8 28. b4 R8xd6 29. cxd6 Qxd6 30. Rxd5 Qxd5 31. Qf1 Kb7 32. a4 g4 33. Rd1 Qe4 34. b5 c5 35. a5 Qd5 36. Rxd5 1-0


[Site "https://www.chess.com"]

[Event "Titled Tuesday Blitz April 19 Late 2022"]
[White "Hambleton, Aman"]
[Black "Perrine, Dalton"]
[WhiteFideId "2606577"]
[BlackFideId "2048434"]
[WhiteElo "2552"]
[BlackElo "2484"]
[Result "1-0"]
[Round "08"]
[TimeControl "180+1"]
[Date "2022.04.19"]
[WhiteClock "0:00:15"]
[BlackClock "0:00:03"]

1. d4 Nf6 2. Bf4 d5 3. e3 e6 4. Nd2 Bd6 5. Ngf3 O-O 6. Bd3 c5 7. c3 Qc7 8. Bxd6 Qxd6 9. Ne5 Nc6 10. f4 Ne7 11. O-O b6 12. g4 Bb7 13. Qf3 Nd7 14. Qh3 f5 15. gxf5 exf5 16. Nxd7 Qxd7 17. Nf3 h6 18. Ne5 Qe6 19. Rf2 a5 20. Qg3 Kh7 21. h4 Ba6 22. Bc2 Bb5 23. Kh2 Be8 24. Rg1 Rg8 25. Rfg2 Qf6 26. Bd1 c4 27. a4 Rb8 28. b3 cxb3 29. Bxb3 b5 30. axb5 Bxb5 31. Ba2 a4 32. Qh3 1-0


[Site "https://www.chess.com"]

[Event "Titled Tuesday Blitz April 19 Late 2022"]
[White "Hnydiuk, Aleksander"]
[Black "Krishnakumar, Sriram"]
[WhiteFideId "1109057"]
[BlackFideId "30915856"]
[WhiteElo "2374"]
[BlackElo "2435"]
[Result "1-0"]
[Round "08"]
[TimeControl "180+1"]
[Date "2022.04.19"]
[WhiteClock "0:01:40"]
[BlackClock "0:01:46"]

1. e4 e5 2. Nf3 Nc6 3. d4 exd4 4. Nxd4 Nf6 5. Nxc6 bxc6 6. Qe2 d6 7. Nc3 Be7 8. Bf4 a5 9. O-O-O Ba6 10. Qf3 Bxf1 11. Rhxf1 O-O 12. e5 Ne8 13. Qxc6 Bg5 14. Bxg5 Qxg5+ 15. f4 Qd8 16. f5 Qc8 17. Nd5 Kh8 18. e6 fxe6 19. fxe6 Nf6 20. e7 Re8 21. Nxc7 Ra7 22. Rxf6 Rxe7 23. Rfxd6 1-0


[Site "https://www.chess.com"]

[Event "Titled Tuesday Blitz April 19 Late 2022"]
[White "Indjic, Aleksandar"]
[Black "Bashirli, Nail"]
[WhiteFideId "911925"]
[BlackFideId "13406809"]
[WhiteElo "2616"]
[BlackElo "2333"]
[Result "1-0"]
[Round "08"]
[TimeControl "180+1"]
[Date "2022.04.19"]
[WhiteClock "0:01:10"]
[BlackClock "0:00:48"]

1. d4 Nf6 2. c4 e6 3. Nc3 Bb4 4. f3 d5 5. a3 Bxc3+ 6. bxc3 O-O 7. e3 c5 8. cxd5 exd5 9. Ne2 Re8 10. h4 Nc6 11. g4 b6 12. g5 Nh5 13. Kf2 Ba6 14. Ra2 Qd6 15. Nf4 Bxf1 16. Nxh5 Bc4 17. Rb2 Re7 18. Nf4 Rae8 19. h5 cxd4 20. cxd4 Rxe3 21. Bxe3 Qxa3 22. Qd2 Rxe3 23. Qxe3 Qxb2+ 24. Kg3 Qb4 25. g6 Ne7 26. gxf7+ Kxf7 27. Qe6+ Kf8 28. Re1 Bb5 29. Re5 Bc6 30. h6 g6 31. Qf6+ Ke8 32. Qxc6+ 1-0


[Site "https://www.chess.com"]

[Event "Titled Tuesday Blitz April 19 Late 2022"]
[White "Ivanisevic, Ivan"]
[Black "Kollars, Dmitrij"]
[WhiteFideId "912417"]
[BlackFideId "12909572"]
[WhiteElo "2495"]
[BlackElo "2584"]
[Result "0-1"]
[Round "08"]
[TimeControl "180+1"]
[Date "2022.04.19"]
[WhiteClock "0:00:03"]
[BlackClock "0:00:11"]

1. d4 Nf6 2. c4 e6 3. Nc3 Bb4 4. Qc2 b6 5. e4 c5 6. d5 Qe7 7. Ne2 exd5 8. exd5 O-O 9. Bd2 d6 10. f3 Nbd7 11. a3 Ba5 12. O-O-O Re8 13. Ng3 Qd8 14. h3 a6 15. f4 Nf8 16. Bd3 b5 17. cxb5 axb5 18. Bxb5 Bd7 19. Bc6 Rb8 20. Rhe1 Qb6 21. Nge4 Nxe4 22. Nxe4 Bxd2+ 23. Rxd2 f5 24. Nf6+ gxf6 25. Rxe8 Rxe8 26. Bxd7 Nxd7 27. Qxf5 Qb3 28. Qg4+ Kh8 29. Rd1 Qe3+ 30. Kc2 Qe4+ 31. Kc1 f5 32. Qg5 Rg8 33. Qh4 Qe8 34. Re1 Qg6 35. Re7 Nf6 36. g3 Ne4 37. g4 fxg4 38. hxg4 Nf6 39. g5 Nxd5 40. Rd7 Ne3 41. Kd2 Nc4+ 42. Kc3 Nb6 43. Rb7 Nd5+ 44. Kd2 Re8 45. f5 Qxf5 46. g6 Qxg6 47. Qh2 Ne3 48. Kc3 Qe4 49. Qxd6 Nd1+ 50. Kd2 Qxb7 51. Qd4+ cxd4 52. Kxd1 Qc7 53. Kd2 Qe5 54. Kd3 Qe3+ 55. Kc4 d3 56. Kd5 d2 57. Kc6 d1=Q 58. Kc7 Qdd4 59. Kb7 Qe6 60. Kc7 Qdd7# 0-1


[Site "https://www.chess.com"]

[Event "Titled Tuesday Blitz April 19 Late 2022"]
[White "Jaferian, Koosha"]
[Black "Tanenbaum, Zachary"]
[WhiteFideId "12507440"]
[BlackFideId "2060850"]
[WhiteElo "2030"]
[BlackElo "2168"]
[Result "1-0"]
[Round "08"]
[TimeControl "180+1"]
[Date "2022.04.19"]
[WhiteClock "0:00:23"]
[BlackClock "0:00:13"]

1. Nf3 d5 2. b3 Nf6 3. Bb2 Bf5 4. g3 e6 5. Bg2 Nbd7 6. O-O Bd6 7. d3 O-O 8. Nbd2 e5 9. c4 c6 10. a3 a5 11. Ra2 Re8 12. Qa1 Qe7 13. Nh4 Bg4 14. Re1 Qe6 15. Nhf3 Bc5 16. e3 Qf5 17. Qb1 Qh5 18. Nxe5 Nxe5 19. d4 Bf5 20. Qa1 Nd3 21. dxc5 Nxe1 22. Qxe1 Ng4 23. h3 Ne5 24. Bxe5 Rxe5 25. g4 Bxg4 26. hxg4 Qxg4 27. Nf3 Rh5 28. cxd5 Rxd5 29. Rd2 Rad8 30. Rxd5 Rxd5 31. Qxa5 h5 32. Qb4 Rd1+ 33. Kh2 Qxb4 34. axb4 Rb1 35. Nd4 h4 36. b5 cxb5 37. Bxb7 Rc1 38. c6 Kf8 39. Nxb5 Ke7 40. c7 Kd7 41. c8=Q+ Rxc8 42. Bxc8+ Kxc8 43. Kh3 g5 44. Nd4 Kc7 45. f4 f6 46. fxg5 fxg5 47. Nf3 1-0


[Site "https://www.chess.com"]

[Event "Titled Tuesday Blitz April 19 Late 2022"]
[White "Janturin, Artur"]
[Black "Omariev, Maksim"]
[WhiteFideId "4130022"]
[BlackFideId "4193423"]
[WhiteElo "2389"]
[BlackElo "2504"]
[Result "1-0"]
[Round "08"]
[TimeControl "180+1"]
[Date "2022.04.19"]
[WhiteClock "0:00:16"]
[BlackClock "0:00:07"]

1. b3 d5 2. Bb2 Nf6 3. e3 c5 4. Bb5+ Bd7 5. Qe2 Nc6 6. Nf3 e6 7. O-O Bd6 8. d3 Qc7 9. Nbd2 a6 10. Bxc6 Bxc6 11. e4 Nh5 12. g3 O-O-O 13. Ng5 h6 14. Nxe6 Nxg3 15. fxg3 fxe6 16. Qg4 Rhe8 17. Qxg7 Rd7 18. Qg6 h5 19. Qxe8+ Rd8 20. Qxh5 Bxg3 21. e5 Rg8 22. Qf7 Qxf7 23. Rxf7 Bxe5+ 24. Kf2 Bxb2 25. Rf1 Bd4+ 26. Ke1 Bc3 27. Rf8+ Rxf8 28. Rxf8+ Kd7 29. Ke2 e5 30. h4 e4 31. dxe4 dxe4 32. h5 Ke7 33. Rf4 Be5 34. Rh4 Kf7 35. Nxe4 Kg7 36. h6+ Kh7 37. Ng5+ Kg6 38. h7 Kxg5 39. h8=Q Bxh8 40. Rxh8 Kf4 41. Kd3 Ke5 42. Rd8 Kf6 43. a4 Ke6 44. a5 Bb5+ 45. Kc3 Ke5 46. Rd2 Ke6 47. b4 cxb4+ 48. Kxb4 Ke5 49. Kc5 Bc6 50. Kb6 Ke4 51. c4 Ke5 52. c5 Ke6 53. Rd6+ Ke5 54. Rxc6 bxc6 55. Kxc6 Kd4 56. Kb6 Kd5 57. c6 Kd6 58. c7 Kd7 59. Kb7 Kd6 60. c8=Q Kd5 61. Qc6+ 1-0


[Site "https://www.chess.com"]

[Event "Titled Tuesday Blitz April 19 Late 2022"]
[White "Jaskolka, Tomasz"]
[Black "Ezat, Mohamed"]
[WhiteFideId "1170791"]
[BlackFideId "10600906"]
[WhiteElo "2073"]
[BlackElo "2386"]
[Result "0-1"]
[Round "08"]
[TimeControl "180+1"]
[Date "2022.04.19"]
[WhiteClock "0:00:26"]
[BlackClock "0:00:17"]

1. d4 Nf6 2. Bf4 c5 3. e3 cxd4 4. exd4 d5 5. c3 Nc6 6. Nd2 Bg4 7. Ngf3 e6 8. Be2 Bd6 9. Ne5 Bxe5 10. dxe5 Bxe2 11. Qxe2 Nd7 12. O-O O-O 13. Rfd1 Qc7 14. c4 Ncxe5 15. cxd5 exd5 16. Rac1 Qb6 17. Bxe5 Rae8 18. Nf3 f6 19. Rxd5 Nxe5 20. Nxe5 fxe5 21. b3 e4 22. Rd7 e3 23. f3 Rc8 24. Rcd1 h6 25. h4 Rf4 26. g3 Rf6 27. Kg2 Rfc6 28. Kh3 Rc2 29. Qd3 Qe6+ 30. g4 R2c3 31. Qd4 Qg6 32. h5 Qg5 33. Rd5 Qe7 34. Rd7 Qf8 35. Qd5+ Kh8 36. Rf7 Qg8 37. Qxb7 e2 38. Re1 Re8 39. Re7 Rxe7 40. Qxe7 Rxf3+ 41. Kg2 Qd5 42. Qe8+ Rf8+ 0-1


[Site "https://www.chess.com"]

[Event "Titled Tuesday Blitz April 19 Late 2022"]
[White "Jessel, Stephen"]
[Black "Foisor, Sabina-Francesca"]
[WhiteFideId "628859"]
[BlackFideId "1212915"]
[WhiteElo "2268"]
[BlackElo "2243"]
[Result "0-1"]
[Round "08"]
[TimeControl "180+1"]
[Date "2022.04.19"]
[WhiteClock "0:00:01"]
[BlackClock "0:00:23"]

1. Nf3 d5 2. c4 e6 3. g3 Nf6 4. Bg2 Be7 5. O-O O-O 6. b3 b6 7. Bb2 Bb7 8. e3 c5 9. Nc3 Nbd7 10. Qe2 Rc8 11. Rfd1 a6 12. cxd5 exd5 13. d4 c4 14. bxc4 dxc4 15. d5 Bd6 16. Nd4 b5 17. Nc6 Qc7 18. Ne4 Nxe4 19. Bxe4 f5 20. Bg2 Rce8 21. a4 Nf6 22. axb5 axb5 23. Ra7 Ra8 24. Rda1 Rxa7 25. Rxa7 Bc5 26. Ra1 Ne4 27. Bxe4 fxe4 28. Qg4 Bxc6 29. dxc6 b4 30. Rd1 c3 31. Rd7 Qe5 32. Bc1 b3 33. c7 b2 34. c8=Q bxc1=Q+ 35. Kg2 Rxc8 36. Rxg7+ Qxg7 37. Qxc8+ Qf8 38. Qg4+ Kh8 0-1


[Site "https://www.chess.com"]

[Event "Titled Tuesday Blitz April 19 Late 2022"]
[White "Jimenez Fernandez, Rebeca"]
[Black "Mohammadian, Mohammad"]
[WhiteFideId "32070934"]
[BlackFideId "12566055"]
[WhiteElo "1853"]
[BlackElo "1544"]
[Result "1-0"]
[Round "08"]
[TimeControl "180+1"]
[Date "2022.04.19"]
[WhiteClock "0:01:28"]
[BlackClock "0:00:14"]

1. e4 e5 2. d4 exd4 3. Qxd4 Nc6 4. Qe3 d6 5. Nc3 Nf6 6. Bd2 Be7 7. O-O-O Bd7 8. h3 O-O 9. f4 Qe8 10. g4 h6 11. g5 hxg5 12. fxg5 Nh7 13. Nf3 Ne5 14. h4 Nxf3 15. Qxf3 g6 16. Nd5 Be6 17. Nxe7+ Qxe7 18. Bc3 Qd7 19. h5 Bg4 20. hxg6 fxg6 21. Bc4+ d5 22. Bxd5+ Qxd5 23. Qxf8+ Rxf8 24. Rxd5 Be6 25. Re5 Re8 26. b3 c6 27. Rd1 Bg4 28. Rxe8+ Kf7 29. Rh8 Nxg5 30. Rg1 Nxe4 31. Rxg4 Nxc3 32. Rh7+ Kf6 33. Rxb7 Kf5 34. Rc4 Nd5 35. Rxc6 Ne3 36. Rf7+ Kg5 37. Rg7 Nd5 38. Rcxg6+ Kf4 39. Rxa7 Ke3 40. Rd6 Nc3 41. Re7+ Kf4 42. Rf6+ Kg5 43. Rf2 Nb5 44. Rg7+ Kh6 45. Rg1 1-0


[Site "https://www.chess.com"]

[Event "Titled Tuesday Blitz April 19 Late 2022"]
[White "Kaasen, Tor Fredrik"]
[Black "D`Arruda, Ricardo D."]
[WhiteFideId "1516647"]
[BlackFideId "100692"]
[WhiteElo "2335"]
[BlackElo "2445"]
[Result "1-0"]
[Round "08"]
[TimeControl "180+1"]
[Date "2022.04.19"]
[WhiteClock "0:00:29"]
[BlackClock "0:00:14"]

1. e4 c6 2. d4 d5 3. e5 Bf5 4. Nf3 e6 5. Be2 h6 6. O-O Nd7 7. a4 Ne7 8. a5 g5 9. Ne1 Bg7 10. f4 gxf4 11. Bxf4 Ng6 12. Be3 h5 13. Nd3 Qe7 14. Nc3 O-O-O 15. Na4 Bh6 16. Bxh6 Rxh6 17. Qd2 Rhh8 18. Qc3 Nb8 19. Ndc5 Rdg8 20. a6 b5 21. Nb6+ Kd8 22. Nb7+ Kc7 23. Bxb5 Nh4 24. Na8+ Kc8 25. Rf2 Be4 26. Bxc6 Nxc6 27. Qxc6+ Kb8 28. Nc5 Rc8 29. Nd7+ Qxd7 30. Qxd7 Kxa8 31. Qb7# 1-0


[Site "https://www.chess.com"]

[Event "Titled Tuesday Blitz April 19 Late 2022"]
[White "Kaganskiy, Gleb"]
[Black "Lehtosaari, Mauri"]
[WhiteFideId "4132025"]
[BlackFideId "501999"]
[WhiteElo "2165"]
[BlackElo "2448"]
[Result "0-1"]
[Round "08"]
[TimeControl "180+1"]
[Date "2022.04.19"]
[WhiteClock "0:00:25"]
[BlackClock "0:00:12"]

1. e4 c5 2. Nf3 e6 3. g3 Nc6 4. Bg2 d6 5. O-O Nf6 6. Re1 Be7 7. d4 cxd4 8. Nxd4 O-O 9. c4 Bd7 10. Nc3 Nxd4 11. Qxd4 Bc6 12. Bg5 h6 13. Bxf6 Bxf6 14. Qd3 Qb6 15. b3 Rfd8 16. Rad1 Qa5 17. Rc1 a6 18. a4 Rac8 19. Ne2 b5 20. axb5 axb5 21. Nd4 bxc4 22. bxc4 Be8 23. Nb5 Qb4 24. Nd4 Rc7 25. h4 Rdc8 26. Bh3 Rxc4 27. Rxc4 Rxc4 28. Nf3 Rc3 29. Qd2 Qc4 30. Bg2 Rc2 31. Qxd6 Qc8 32. e5 Bd8 33. Nd4 Rd2 34. Re2 Rd1+ 35. Kh2 Bc7 36. Qc5 Qb8 37. f4 Bb6 38. Nc6 Bxc5 39. Nxb8 Bg1+ 40. Kh3 Bb5 41. Rc2 Bd3 42. Rc8+ Kh7 43. Nc6 Bf5+ 44. g4 Rd3+ 45. Bf3 Rxf3+ 46. Kg2 Bxg4 47. Kxg1 Rxf4 48. Rc7 Bh5 49. Kg2 Rxh4 50. Kg3 Rc4 51. Rc8 Rc5 52. Kf4 Bg6 53. Ne7 Rxc8 54. Nxc8 f6 55. Nd6 Kg8 56. Nc4 Kf7 57. Nd6+ Ke7 58. Nc4 h5 59. Ne3 Bf7 60. Ng2 g5+ 61. Ke4 Bg6+ 62. Kd4 f5 63. Ke3 f4+ 64. Kd4 Bf5 65. Ne1 g4 66. Ng2 f3 67. Ne3 Kf7 68. Nf1 h4 69. Ke3 Kg6 70. Kf4 Bd3 71. Nh2 f2 72. Kxg4 f1=Q 73. Nxf1 Bxf1 74. Kxh4 Kf5 75. Kg3 Kxe5 76. Kf2 Bb5 77. Ke1 Kd4 78. Kd2 e5 79. Ke1 e4 80. Kd2 e3+ 81. Ke1 Kd3 82. Kd1 e2+ 83. Ke1 Ba4 84. Kf2 Kd2 0-1


[Site "https://www.chess.com"]

[Event "Titled Tuesday Blitz April 19 Late 2022"]
[White "Kalogridis, Antonios"]
[Black "Bilan, Danila"]
[WhiteFideId "25833901"]
[BlackFideId "24161918"]
[WhiteElo "1596"]
[BlackElo "2164"]
[Result "0-1"]
[Round "08"]
[TimeControl "180+1"]
[Date "2022.04.19"]
[WhiteClock "0:00:41"]
[BlackClock "0:00:05"]

1. d4 d5 2. Bg5 Nf6 3. Bxf6 gxf6 4. Nf3 Bf5 5. c4 c6 6. cxd5 cxd5 7. Nc3 e6 8. e3 Nc6 9. Bd3 Bg6 10. O-O Bd6 11. Nh4 O-O 12. Qg4 f5 13. Qh3 f4 14. Nxg6 hxg6 15. Bxg6 fxg6 16. Qxe6+ Kg7 17. Nxd5 f3 18. Nc3 Rh8 19. g3 Qc8 20. Qxc8 Raxc8 21. Ne4 Be7 22. Rac1 g5 23. a3 Na5 24. Nd2 Rc6 25. Rxc6 bxc6 26. Nxf3 Nc4 27. b3 Nxa3 28. Ne5 c5 29. d5 Rd8 30. Nc6 Rd7 31. e4 Nb5 32. Ne5 Rd8 33. Nc4 Nd6 34. e5 Nxc4 35. bxc4 Rb8 36. f4 gxf4 37. gxf4 a5 38. d6 Bd8 39. f5 Kf7 40. Kf2 Rb4 41. e6+ Kf6 42. Ke3 Rxc4 43. Rg1 Rd4 44. e7 Bxe7 45. dxe7 Kxe7 46. Rg6 Rh4 47. Rg2 Kf6 48. Rc2 c4 49. Rf2 a4 50. Kd2 Rh3 51. Kc2 a3 52. Kb1 Rd3 53. Ka2 Rh3 54. Rg2 Kxf5 55. Rg3 Rxg3 56. hxg3 Ke4 57. g4 c3 58. Kxa3 Kd3 59. g5 c2 60. g6 c1=Q+ 0-1


[Site "https://www.chess.com"]

[Event "Titled Tuesday Blitz April 19 Late 2022"]
[White "Kanyamarala, Tarun"]
[Black "Sliwicki, Damian"]
[WhiteFideId "45004714"]
[BlackFideId "1127128"]
[WhiteElo "2177"]
[BlackElo "2084"]
[Result "1-0"]
[Round "08"]
[TimeControl "180+1"]
[Date "2022.04.19"]
[WhiteClock "0:00:35"]
[BlackClock "0:00:15"]

1. d4 Nf6 2. Nc3 d5 3. Bf4 e6 4. Nb5 Na6 5. e3 c6 6. Nc3 Bb4 7. a3 Bxc3+ 8. bxc3 Qa5 9. Bd3 Qxc3+ 10. Kf1 O-O 11. Ne2 Qa5 12. f3 c5 13. c3 c4 14. Bc2 Bd7 15. g4 Bc6 16. h4 Nd7 17. Qb1 g6 18. Qd1 f6 19. Kf2 e5 20. Bg3 Rae8 21. g5 exd4 22. exd4 fxg5 23. hxg5 Rxe2+ 24. Qxe2 Qxc3 25. Rad1 Nc7 26. Bxc7 Rf7 27. Bg3 Nf8 28. Bb1 Ne6 29. Qe3 Qb2+ 30. Rd2 Qb6 31. Qxe6 c3 32. Rd3 Qb2+ 33. Qe2 Qxa3 34. Qc2 Qf8 35. Qxc3 Qd8 36. Qd2 a5 37. Be5 a4 38. Re3 Qxg5 39. Bg3 Kg7 40. Rd3 Qf6 41. Be5 1-0


[Site "https://www.chess.com"]

[Event "Titled Tuesday Blitz April 19 Late 2022"]
[White "Kanyamarala, Trisha"]
[Black "Hoffmann, Asa"]
[WhiteFideId "45004722"]
[BlackFideId "2001470"]
[WhiteElo "2079"]
[BlackElo "2117"]
[Result "0-1"]
[Round "08"]
[TimeControl "180+1"]
[Date "2022.04.19"]
[WhiteClock "0:01:34"]
[BlackClock "0:02:00"]

1. c4 Nf6 2. Nc3 d6 3. g3 c6 4. Nf3 e5 5. Bg2 Be6 6. d3 h6 7. O-O Qd7 8. Re1 Be7 9. e4 O-O 10. d4 Qc7 11. d5 Bg4 12. Be3 c5 13. h3 Bh5 14. g4 Bg6 15. Nh4 Bh7 16. Nf5 Bxf5 17. gxf5 a6 18. a4 Nbd7 19. Kh1 Nh7 20. Rg1 Bg5 21. Qd2 Qd8 22. Bf1 Kh8 23. Ne2 Bxe3 24. Qxe3 b5 25. b3 bxc4 26. bxc4 Rb8 27. Ng3 Qh4 28. Kh2 Ng5 29. Re1 Nf6 30. Nh1 Qf4+ 31. Qxf4 exf4 32. f3 Nxf3+ 33. Kg2 Nxe1+ 34. Kf2 Nc2 35. Bd3 Nd4 36. Rc1 Rfe8 0-1


[Site "https://www.chess.com"]

[Event "Titled Tuesday Blitz April 19 Late 2022"]
[White "Karttunen, Mika"]
[Black "Golubev, Mikhail"]
[WhiteFideId "502081"]
[BlackFideId "14100983"]
[WhiteElo "2343"]
[BlackElo "2374"]
[Result "0-1"]
[Round "08"]
[TimeControl "180+1"]
[Date "2022.04.19"]
[WhiteClock "0:00:10"]
[BlackClock "0:00:45"]

1. e4 c5 2. Nf3 d6 3. d4 Nf6 4. Nc3 cxd4 5. Nxd4 g6 6. Be3 Bg7 7. f3 Nc6 8. Bc4 O-O 9. Qd2 Bd7 10. O-O-O Rb8 11. Bb3 Na5 12. Bh6 Nxb3+ 13. cxb3 Bxh6 14. Qxh6 b5 15. Nd5 Nxd5 16. exd5 Rc8+ 17. Kb1 Rc5 18. h4 Rxd5 19. h5 g5 20. g4 f6 21. Ne2 Rxd1+ 22. Rxd1 Qb6 23. Nd4 Qc5 24. a3 Rf7 25. Ka2 e5 26. Nf5 Bxf5 27. gxf5 d5 28. Kb1 Rc7 29. Qxf6 Qc2+ 30. Ka2 Qxd1 31. Qd8+ Kf7 32. Qxc7+ Kf6 33. Qd6+ Kxf5 34. Qf8+ Ke6 35. Qe8+ Kd6 36. Qd8+ Kc6 37. Qf6+ Kc5 38. Qxe5 Qxf3 39. Qxg5 Qe4 40. Qe7+ Qxe7 0-1


[Site "https://www.chess.com"]